 Dungeon Crawl Stone Soup version 0.21.1-1-g345015f (webtiles) character file.

497 gloomy the Cudgeler (level 6, -6/53 HPs)
             Began as a Draconian Berserker on May 3, 2018.
             Was a Priest of Trog.
             Mangled by Menkaure (17 damage)
             ... on level 4 of the Dungeon.
             The game lasted 00:31:31 (4595 turns).

gloomy the Cudgeler (Draconian Berserker)           Turns: 4595, Time: 00:31:31

Health: -6/53      AC:  9    Str: 21    XL:     6   Next: 93%
Magic:  6/6        EV: 14    Int:  7    God:    Trog [***...]
Gold:   131        SH:  0    Dex: 11    Spells: 5/5 levels left

rFire    + . .     SeeInvis .   a - +0 mace
rCold    . . .     Gourm    .   (no shield)
rNeg     . . .     Faith    .   (armour unavailable)
rPois    .         Spirit   .   n - +1 hat
rElec    .         Reflect  .   j - +0 cloak
rCorr    .         Harm     .   (no gloves)
MR       .....                  f - +0 pair of boots
Stlth    ++........             (no amulet)
HPRegen  0.17/turn              g - ring of protection from fire
MPRegen  0.10/turn              (no ring)

@: no status effects
A: unfitting armour, cold-blooded, AC +6
a: Berserk, Trog's Hand, Burn Spellbooks, Renounce Religion


You were on level 4 of the Dungeon.
You worshipped Trog.
Trog was most pleased with you.
You were not hungry.

You visited 1 branch of the dungeon, and saw 4 of its levels.
You also visited: Sewer.

You collected 131 gold pieces.

Inventory:

Hand Weapons
 a - a +0 mace (weapon)
 d - a +0 spear
 h - a +0 hunting sling
 l - a +0 dagger of venom
 r - a +0 blowgun
 s - a +0 spear
Missiles
 c - 140 stones (quivered)
 e - 29 poisoned needles
 m - 5 tomahawks
 o - 7 javelins
Armour
 f - a +0 pair of boots (worn)
 j - a +0 cloak (worn)
 n - a +1 hat (worn)
Jewellery
 g - a ring of protection from fire (left hand)
Wands
 k - a wand of clouds (3)
Scrolls
 i - 5 scrolls of identify
Potions
 q - a potion of flight
Comestibles
 b - a ration


   Skills:
 + Level 4.6 Fighting
 + Level 5.8 Maces & Flails
 + Level 4.5 Dodging
 + Level 1.2 Stealth


You had 5 spell levels left.
You didn't know any spells.

Dungeon Overview and Level Annotations

Branches:
Dungeon (4/15)
 Temple: D:4-7

Altars:
Makhleb
The Shining One

Annotations:
D:4 Menkaure


Innate Abilities, Weirdness & Mutations

Your plain brown scales are hard. (AC +6)
You cannot fit into any form of body armour.
You are cold-blooded and may be slowed by cold attacks.


Message History

You hit the adder skeleton.
The adder skeleton is moderately damaged.
Menkaure's bandages flutter.
The adder skeleton barely misses you.
You closely miss the adder skeleton.
The adder skeleton is moderately damaged.
The adder skeleton barely misses you.
Menkaure calls on the powers of darkness!
Your body is wracked with pain!
* * * LOW HITPOINT WARNING * * *
You sock the adder skeleton!
The adder skeleton is severely damaged.
The adder skeleton bites you but does no damage. x2
You barely miss the adder skeleton.
You destroy the adder skeleton!
Trog accepts your kill.
Menkaure points at you and mumbles some strange words.
You barely resist. You hit Menkaure but do no damage. Menkaure hits you!
You die...

#.###.##.##.#
#.##.##.#
#.......#
#.#####.####
.....##.#
........#
####.##.# #
#M# #@# #.#
..# ####


You could see Menkaure.

Vanquished Creatures
  An ogre (D:3)
  3 big kobolds
  Jessica (D:2)
  Robin (D:2)
  A gnoll (D:4)
  2 river rats (Sewer)
  3 adders
  An ooze (D:1)
  2 adder skeletons
  A worm (D:2)
  4 dart slugs
  A leopard gecko (D:2)
  An orc (D:3)
  6 giant cockroaches
  11 goblins (D:2)
  12 hobgoblins
  5 jackals
  21 kobolds
  5 quokkas
  7 bats
  6 frilled lizards
  8 rats
  2 fungi (D:1)
  3 plants (D:3)
108 creatures vanquished.

Vanquished Creatures (others)
  A plant (D:3)
1 creature vanquished.

Grand Total: 109 creatures vanquished

Notes
Turn   | Place    | Note
-------+----------+-------------------------------------------
     0 | D:1      | gloomy the Draconian Berserker began the quest for the Orb.
     0 | D:1      | Reached XP level 1. HP: 19/19 MP: 1/1
   253 | D:1      | Reached XP level 2. HP: 26/26 MP: 2/2
  1022 | D:2      | Reached XP level 3. HP: 33/33 MP: 3/3
  1259 | D:2      | Reached ** piety under Trog
  1752 | D:2      | Noticed Jessica
  1765 | D:2      | Killed Jessica
  1765 | D:2      | Reached skill level 4 in Maces & Flails
  1765 | D:2      | Reached XP level 4. HP: 25/40 MP: 4/4
  2161 | D:2      | Noticed Robin
  2201 | D:2      | Killed Robin
  2499 | D:3      | Reached XP level 5. HP: 45/46 MP: 5/5
  2516 | D:3      | Found a glowing drain.
  2549 | D:3      | Reached *** piety under Trog
  2625 | Sewer    | Entered a sewer
  2725 | Sewer    | Reached skill level 5 in Maces & Flails
  2776 | Sewer    | Found a white marble altar of Elyvilon.
  3041 | D:3      | Found a glowing golden altar of the Shining One.
  3130 | D:3      | Noticed an ogre
  3138 | D:3      | Killed an ogre
  3138 | D:3      | Reached skill level 1 in Stealth
  3138 | D:3      | Reached XP level 6. HP: 53/53 MP: 6/6
  3691 | D:3      | HP: 2/53 [poisoned by a big kobold]
  3699 | D:3      | HP: 2/53 [poisoned by a big kobold]
  4281 | D:3      | Found a burning altar of Makhleb.
  4308 | D:3      | Found a faded altar of an unknown god.
  4423 | D:3      | Paralysed by fainting for 11 turns
  4566 | D:4      | Noticed Menkaure
  4595 | D:4      | Mangled by Menkaure

Skill      XL: |  1  2  3  4  5 |
---------------+----------------+-----
Dodging        | 3 4 |  4.5
Fighting       | 4 |  4.6
Maces & Flails | 4 5 |  5.8
Stealth        | 1 |  1.2

Action                   |  1- 3 |  4- 6 || total
-------------------------+-------+-------++-------
Melee: Mace              |   125 |   315 ||   440
       Tailslap          |    21 |    52 ||    73
Throw: Stone             |    10 |       ||    10
Evoke: Wand              |       |     1 ||     1
  Use: Scroll            |     6 |     4 ||    10
       Potion            |       |     8 ||     8
 Stab: Sleeping          |       |     1 ||     1
  Eat: Chunk             |     2 |     4 ||     6
       Ration            |     1 |     1 ||     2
Armor: Skin              |    50 |   121 ||   171
Dodge: Dodged            |   111 |   215 ||   326
